 Dungeon Crawl Stone Soup version 0.26-a0-362-g1d9a9cd4fa (webtiles) character file.

Game seed: 11886748024760644390

793 Glokmah the Purveyor of Pain (level 7, -5/57 HPs)
             Began as a Ghoul Necromancer on July 18, 2020.
             Was an Initiate of Kikubaaqudgha.
             Slain by a troll (14 damage)
             ... on level 6 of the Dungeon.
             The game lasted 00:18:30 (7376 turns).

Glokmah the Purveyor of Pain (Ghoul Necromancer)    Turns: 7376, Time: 00:18:31

Health: -5/57      AC:  7    Str: 12    XL:     7   Next: 88%
Magic:  1/10       EV: 13    Int: 12    God:    Kikubaaqudgha [......]
Gold:   379        SH:  0    Dex: 15    Spells: 7/12 levels left

rFire    + . .     SeeInvis .   a - +8 flail of Exquisite Death {venom, MR+}
rCold    + . .     Faith    .   (no shield)
rNeg     + + +     Spirit   .   t - +2 leather armour {rF+}
rPois    ∞         Reflect  .   u - +0 helmet
rElec    .         Harm     .   (no cloak)
rCorr    +                      (no gloves)
MR       +....                  e - +0 pair of boots
Stlth    ++........             (no amulet)
HPRegen  0.00/turn              i - +6 ring of dexterity
MPRegen  0.12/turn              l - ring of resist corrosion

@: no status effects
A: rotting body, claws 1, cold resistance 1, negative energy resistance 3,
inhibited regeneration, torment resistance, unbreathing
a: Renounce Religion


You were on level 6 of the Dungeon.
You worshipped Kikubaaqudgha.
Kikubaaqudgha was noncommittal.
You visited 2 branches of the dungeon, and saw 7 of its levels.

You collected 379 gold pieces.

Inventory:

Hand Weapons
 a - the +8 flail of Exquisite Death (weapon) {venom, MR+}
   (You found it on level 4 of the Dungeon)

   It poisons the flesh of those it strikes.
   It affects your resistance to hostile enchantments.
 b - a +4 falchion
Missiles
 f - 232 stones (quivered)
 q - 4 boomerangs
 w - 6 atropa-tipped darts
Armour
 e - a +0 pair of boots (worn)
 t - a +2 leather armour of fire resistance (worn)
 u - a +0 helmet (worn)
Jewellery
 i - a +6 ring of dexterity (left claw)
 l - a ring of resist corrosion (right claw)
 x - an uncursed ring of ice
Wands
 r - a wand of random effects (10)
Scrolls
 c - 5 scrolls of remove curse
 d - 2 scrolls of fear
 k - a scroll of enchant weapon
 n - a scroll of teleportation
 v - a scroll of fog
Potions
 g - 2 potions of ambrosia
 h - 3 potions of flight
 j - 2 potions of curing
 m - 4 potions of brilliance
 o - 3 potions of lignification
 p - a potion of haste
 s - 2 potions of heal wounds


   Skills:
 + Level 3.4 Fighting
 + Level 1.0 Maces & Flails
 + Level 2.7 Armour
 + Level 3.5 Dodging
 - Level 2.1 Stealth
 + Level 3.2 Spellcasting
 * Level 6.3 Necromancy


You had 7 spell levels left.
You knew the following spells:

 Your Spells              Type           Power        Failure   Level
a - Pain                  Necr           ###.         2%          1
b - Animate Skeleton      Necr           ###...       2%          1
c - Vampiric Draining     Necr           ###.......   7%          3

Your spell library contained the following spells:

 Spells                   Type           Power        Failure   Level
 Animate Dead             Necr           ###.......   22%         4
 Agony                    Necr           ###.....     54%         5


Dungeon Overview and Level Annotations

Branches:
Dungeon (6/15)             Temple (1/1) D:4

Altars:
Ashenzari
Cheibriados
Dithmenos
Elyvilon
Fedhas
Gozag
Hepliaklqana
Kikubaaqudgha
Makhleb
Nemelex Xobeh
Okawaru
Qazlal
Ru
Sif Muna
Trog
Uskayaw
Vehumet
Wu Jian
Xom
Yredelemnul
The Shining One

Shops:
D:5 :}(!=


Innate Abilities, Weirdness & Mutations

Your body is rotting away.
You thrive by killing the living.
You are immune to poison.
You have sharp fingernails.
Your flesh is cold resistant. (rC+)
You are immune to negative energy. (rN+++)
You do not regenerate when monsters are visible.
You are immune to unholy pain and torment.
You can survive without breathing.


Message History

Confirm with . or Enter, or press ? or * to list all spells.
Aiming: Vampiric Draining (dangerous; 7% risk of failure)
Press: ? - help, Shift-Dir - straight line, f/p - troll
Aim: a troll (lightly wounded, very poisoned)
The troll is moderately wounded.
You feel life coursing into your body. The troll bites you.
* * * LOW HITPOINT WARNING * * *
The troll claws you!
* * * LOW HITPOINT WARNING * * *
The troll claws you.
* * * LOW HITPOINT WARNING * * *
Casting: Vampiric Draining (dangerous; 7% risk of failure)
Confirm with . or Enter, or press ? or * to list all spells.
Aiming: Vampiric Draining (dangerous; 7% risk of failure)
Press: ? - help, Shift-Dir - straight line, f/p - troll
Aim: a troll (lightly wounded, very poisoned)
The troll is moderately wounded.
You feel life coursing into your body. The troll bites you!
You die...
Kikubaaqudgha rasps: "You have failed me!
Welcome... oblivion!"

#.#. #.#
#.#.##.# #
#......#
$.##......#
.........#
##......#
#.......####
#.###'#...<#
#@###.## #T#
#.# #h. ..#
..##### .h#
...# ...#
.....


You could see a troll (very poisoned) and 2 jackals.

Vanquished Creatures
  An ogre (D:4)
  A phantom (D:3)
  A scorpion (D:5)
  A hound (D:4)
  2 orc wizards (D:5)
  4 orc priests
  Ijyb (D:3)
  Terence (D:2)
  An iguana (D:3)
  2 worker ants
  A worker ant zombie (D:5)
  Robin (D:4)
  6 adders
  A gnoll (D:1)
  A shadow imp (D:5)
  2 white imps
  2 oozes (D:3)
  A worm (D:4)
  3 dart slugs
  5 leopard geckos
  17 orcs
  2 ball pythons
  A giant cockroach (D:5)
  17 goblins
  10 hobgoblins
  5 bats
  6 frilled lizards
  A jackal skeleton (D:4)
  7 kobolds
  A quokka skeleton (D:4)
  6 rats
111 creatures vanquished.

Notes
Turn   | Place    | Note
-------+----------+-------------------------------------------
     0 | D:1      | Glokmah the Ghoul Necromancer began the quest for the Orb.
     0 | D:1      | Reached XP level 1. HP: 14/14 MP: 2/2
   387 | D:1      | Reached XP level 2. HP: 22/22 MP: 0/3
   546 | D:1      | Learned a level 1 spell: Animate Skeleton
   789 | D:1      | Reached XP level 3. HP: 27/27 MP: 3/5
   963 | D:1      | Reached skill level 1 in Fighting
  1266 | D:2      | Noticed Terence
  1693 | D:2      | Found an opulent altar of Gozag.
  1889 | D:2      | Reached skill level 1 in Armour
  1954 | D:2      | Reached XP level 4. HP: 35/35 MP: 4/6
  1962 | D:2      | Learned a level 3 spell: Vampiric Draining
  2380 | D:2      | Killed Terence
  2809 | D:3      | Reached XP level 5. HP: 37/41 MP: 4/7
  3077 | D:3      | Reached skill level 5 in Necromancy
  3108 | D:3      | Noticed Ijyb
  3131 | D:3      | Killed Ijyb
  4229 | D:4      | Noticed Robin
  4368 | D:3      | Reached XP level 6. HP: 27/48 MP: 2/8
  4625 | D:4      | Found a burning altar of Makhleb.
  4660 | D:4      | Noticed a phantom
  5237 | D:3      | Killed a phantom
  5237 | D:3      | Reached XP level 7. HP: 16/56 MP: 10/10
  5604 | D:4      | Killed Robin
  5783 | D:4      | Got a glimmering flail
  6112 | D:4      | Found a staircase to the Ecumenical Temple.
  6121 | Temple   | Entered the Ecumenical Temple
  6296 | Temple   | Became a worshipper of Kikubaaqudgha
  6330 | D:5      | Entered Level 5 of the Dungeon
  6346 | D:5      | Identified the +8 flail of Exquisite Death {venom, MR+}
                  | (You found it on level 4 of the Dungeon)
  6425 | D:5      | Reached skill level 6 in Necromancy
  6459 | D:5      | Found Ystradd's Distillery.
  6635 | D:5      | Found Fuethaw's Gadget Shop.
  6698 | D:5      | Found Maseddu's Book Emporium.
  6850 | D:5      | Found Pirymiproe's Weapon Emporium.
  6957 | D:5      | Reached skill level 1 in Maces & Flails
  7142 | D:5      | Found Ytyosada's Jewellery Emporium.
  7367 | D:6      | Noticed a troll
  7376 | D:6      | Slain by a troll

Illustrated notes

Levels and vault maps discovered:
D:1:      saegor_arrival_simple_d, layout_loops_ring
D:2:      layout_basic, grunt_gozag_breadcrumbs, uniq_terence
D:3:      layout_basic, uniq_ijyb
D:4:      layout_rooms, minmay_temple_entry_enclosed_plants, bloody_makhleb,
          uniq_robin
D:5:      layout_basic, serial_shops, shop, nicolae_shop_crystal, shop, shop,
          shop_statue, grunt_ministairs_9
D:6:      layout_basic, gammafunk_ghost_hive, grunt_dithmenos_shadows
Temple:   minmay_crystal_snake_temple

Skill      XL: |  1  2  3  4  5  6  7 |
---------------+----------------------+-----
Dodging        | 2 3 |  3.5
Spellcasting   | 2 3 |  3.2
Fighting       | 1 2 3 |  3.4
Armour         | 1 2 |  2.7
Necromancy     | 5 6 |  6.3
Maces & Flails | 1 |  1.0
Stealth        | |  2.1

Action                   |  1- 3 |  4- 6 |  7- 9 || total
-------------------------+-------+-------+-------++-------
Melee: Club              |    12 |       |       ||    12
       Unarmed           |     1 |       |       ||     1
       Flail             |     1 |    54 |    60 ||   115
       Falchion          |       |    35 |    20 ||    55
Throw: Stone             |       |     8 |       ||     8
 Cast: Pain              |    58 |    86 |    39 ||   183
       Animate Skeleton  |     3 |    12 |     6 ||    21
       Vampiric Draining |       |     6 |     2 ||     8
  Use: Scroll            |       |       |    16 ||    16
Armor: Robe              |    12 |     4 |       ||    16
       Leather armour    |       |    21 |    15 ||    36
Dodge: Dodged            |    32 |   104 |    65 ||   201
       Rpst.: Falchion   |       |    14 |     6 ||    20

Table legend:
 A = Non-vault XP
 B = Vault XP
 C = Vault XP percentage of total XP
 D = Non-vault monster count
 E = Vault monster count
 F = Vault count percentage of total count
                 A         B        C        D         E       F
            +---------+---------+-------+---------+---------+-------
      Total |    1018 |     115 |  10.2 |      94 |      17 |  15.3
            +---------+---------+-------+---------+---------+-------
        D:1 |      43 |       0 |   0.0 |      17 |       0 |   0.0
        D:2 |      79 |      36 |  31.3 |      23 |       1 |   4.2
        D:3 |     308 |      50 |  14.0 |      23 |       8 |  25.8
        D:4 |     200 |      24 |  10.7 |       9 |       6 |  40.0
        D:5 |     378 |       5 |   1.3 |      21 |       2 |   8.7
        D:6 |      10 |       0 |   0.0 |       1 |       0 |   0.0
            +---------+---------+-------+---------+---------+-------
